 Dungeon Crawl Stone Soup version 0.22-a0-40-g3d2f077def (webtiles) character file.

175 NixNut the Chopper (level 5, -2/48 HPs)
             Began as a Hill Orc Monk on Jan 5, 2018.
             Slain by an ogre
             ... wielding a +0 giant club
              (14 damage)
             ... on level 3 of the Dungeon.
             The game lasted 00:08:59 (3095 turns).

NixNut the Chopper (Hill Orc Monk)                  Turns: 3095, Time: 00:09:00

Health: -2/48      AC:  5    Str: 20    XL:     5   Next: 55%
Magic:  5/5        EV:  9    Int: 10    God:
Gold:   351        SH:  8    Dex: 13    Spells: 4/4 levels left

rFire    . . .     SeeInvis .   h - +0 dagger (protect)
rCold    + . .     Gourm    .   s - +1 shield {rC+}
rNeg     . . .     Faith    .   d - +0 ring mail
rPois    .         Spirit   .   (no helmet)
rElec    .         Reflect  .   (no cloak)
rCorr    .         Harm     .   (no gloves)
MR       +....                  (no boots)
Stlth    +.........             (no amulet)
HPRegen  0.16/turn              k - ring of protection from magic
MPRegen  0.09/turn              (no ring)

@: mighty
A: no striking features
a: no special abilities


You were on level 3 of the Dungeon.
You were not hungry.

You visited 1 branch of the dungeon, and saw 4 of its levels.

You collected 351 gold pieces.

Inventory:

Hand Weapons
 a - a +0 hand axe
 h - a +0 dagger of protection (weapon)
 q - a +0 blowgun
Missiles
 r - 9 poisoned needles
Armour
 d - a +0 ring mail (worn)
 s - a +1 shield of cold resistance (worn)
Jewellery
 k - a ring of protection from magic (left hand)
Scrolls
 e - 2 scrolls of remove curse {unknown}
 f - 2 scrolls of teleportation {unknown}
 g - 4 scrolls of immolation {unknown}
 i - 5 scrolls of identify {unknown}
 m - a scroll of amnesia {unknown}
 p - 2 scrolls of enchant armour {unknown}
 t - a scroll of noise {unknown}
 u - a scroll of enchant weapon {unknown}
 v - a scroll of magic mapping {unknown}
Potions
 l - a potion of curing {unknown}
 n - a potion of degeneration {unknown}
 o - a potion of brilliance {unknown}
Comestibles
 b - 4 chunks of flesh
 c - 6 rations


   Skills:
 + Level 5.2 Fighting
 + Level 5.6 Axes
 + Level 3.0 Armour
 - Level 2.4 Dodging
 - Level 1.5 Stealth


You had 4 spell levels left.
You didn't know any spells.

Dungeon Overview and Level Annotations

Branches:
Dungeon (4/15)
 Temple: D:4-7

Altars:
Elyvilon
Ru


Message History

Your shield and ring mail prevent you from hitting the ogre.
The ogre is moderately wounded.
You block the ogre's attack. The ogre hits you with a giant club!
You climb upwards.
There is a stone staircase leading down here.
It was a potion of might.
You feel very mighty all of a sudden.
You hit the ogre.
Your weapon exudes an aura of protection.
The ogre is heavily wounded.
You block the ogre's attack.
You barely miss the ogre.
The ogre is heavily wounded.
The ogre hits you with a giant club.
* * * LOW HITPOINT WARNING * * *
Your shield and ring mail prevent you from hitting the ogre.
The ogre is heavily wounded.
The ogre hits you with a giant club!
You die...

###..###.########.......####.#
#..###.# #.........##.#
#......########.......#.##.#
#####<######.............#.##.#
......######..................#
..........##.......#######.####
..##..##...........# #.#
..#.............O.># #.#
......#.###.....@..# ###.#
###.#..#.......#...# #...#
#.#..#.......#..## #.###
#.#.####..[####.## #.#
#....#.......#...#####.#
##...#...#...#.........#
##..###'#'###...#######
##.....#....[### ####
#...#.#.#...#


You could see an ogre.

Vanquished Creatures
  2 orc wizards (D:3)
  6 adders
  An ooze (D:3)
  3 worms (D:2)
  2 dart slugs
  2 leopard geckos (D:1)
  2 orcs (D:3)
  3 giant cockroaches (D:1)
  5 hobgoblins
  4 jackals (D:3)
  10 kobolds
  3 quokkas
  6 bats
  8 frilled lizards
  8 goblins
  13 rats
  4 toadstools (D:1)
82 creatures vanquished.

Notes
Turn   | Place    | Note
-------+----------+-------------------------------------------
     0 | D:1      | NixNut the Hill Orc Monk began the quest for the Orb.
     0 | D:1      | Reached XP level 1. HP: 19/19 MP: 1/1
   267 | D:1      | Reached XP level 2. HP: 27/27 MP: 2/2
   279 | D:1      | Reached skill level 1 in Armour
   468 | D:1      | Reached XP level 3. HP: 28/33 MP: 3/3
  1152 | D:2      | Reached XP level 4. HP: 41/41 MP: 4/4
  1273 | D:2      | Reached skill level 5 in Axes
  1847 | D:2      | Found a white marble altar of Elyvilon.
  2150 | D:3      | Reached XP level 5. HP: 5/47 MP: 5/5
  2492 | D:3      | Reached skill level 5 in Fighting
  3065 | D:3      | Found a sacrificial altar of Ru.
  3082 | D:4      | Noticed an ogre
  3095 | D:3      | Slain by an ogre

Vault maps used:
D:1:      ldierk_water_garden, grunt_decor_one_mirror, minmay_misc_feat_square
D:2:      marbit_many_paths
D:3:      first_ration, hangedman_ru_absence
D:4:      lemuel_crystal_altar, lemuel_doored_altar,
          minmay_temple_entry_enclosed_plants, due_unseen_surprise,
          uniq_menkaure

Skill      XL: |  1  2  3  4  5 |
---------------+----------------+-----
Armour         | 1 2 3 |  3.0
Fighting       | 4 5 |  5.2
Axes           | 5 |  5.6
Dodging        | |  2.4
Stealth        | |  1.5

Action                   |  1- 3 |  4- 6 || total
-------------------------+-------+-------++-------
Melee: Hand axe          |    95 |   100 ||   195
       Dagger            |       |   187 ||   187
  Use: Potion            |       |     2 ||     2
 Stab: Sleeping          |     2 |     1 ||     3
  Eat: Chunk             |     1 |     7 ||     8
Armor: Ring mail         |    32 |   142 ||   174
       Robe              |     1 |       ||     1
Dodge: Dodged            |    44 |   123 ||   167
Block: Shield            |       |    82 ||    82

Table legend:
 A = Spawn XP
 B = Non-spawn XP
 C = Spawn XP percentage of total XP
 D = Spawn monster count
 E = Non-spawn monster count
 F = Spawn count percentage of total count
 G = Total turns spent on level
                    A         B        C        D         E        F      G
               +---------+---------+-------+---------+---------+-------+---------
         Total |       0 |     250 |   0.0 |       0 |      78 |   0.0 |  3095
               +---------+---------+-------+---------+---------+-------+---------
           D:1 |       0 |      47 |   0.0 |       0 |      31 |   0.0 |   961
           D:2 |       0 |      95 |   0.0 |       0 |      23 |   0.0 |  1081
           D:3 |       0 |     108 |   0.0 |       0 |      24 |   0.0 |  1044
               +---------+---------+-------+---------+---------+-------+---------
